 Dungeon Crawl Stone Soup version 0.25.1-2-g60ff931df9 (webtiles) character file.

Game seed: 6455763133811799272

1605 Delamore the Basher (level 8, -3/46 HPs)
             Began as a Gargoyle Fighter on Aug 26, 2020.
             Was a Believer of Okawaru.
             Blown up by an orc warrior (32 damage)
             ... with a disintegration bolt
             ... on level 7 of the Dungeon.
             The game lasted 00:06:09 (7131 turns).

Delamore the Basher (Gargoyle Fighter)              Turns: 7131, Time: 00:06:09

Health: -3/46      AC: 15    Str: 23    XL:     8   Next: 94%
Magic:  8/8        EV:  5    Int:  8    God:    Okawaru [**....]
Gold:   298        SH:  9    Dex:  9    Spells: 7/7 levels left

rFire    . . .     SeeInvis .   q - +2 mace (holy)
rCold    . . .     Gourm    .   c - +0 kite shield
rNeg     + . .     Faith    .   j - +0 chain mail
rPois    ∞         Spirit   .   (no helmet)
rElec    +         Reflect  .   p - +0 cloak
rCorr    .         Harm     .   (no gloves)
MR       .....                  (no boots)
Stlth    ..........             (no amulet)
HPRegen  0.15/turn              (no ring)
MPRegen  0.11/turn              (no ring)

@: no status effects
A: negative energy resistance 1, electricity resistance, unbreathing,
petrification resistance, rot immunity, AC +5
a: Heroism, Renounce Religion


You were on level 7 of the Dungeon.
You worshipped Okawaru.
Okawaru was pleased with you.
You were not hungry.

You visited 1 branch of the dungeon, and saw 7 of its levels.
You also visited: Sewer.

You collected 353 gold pieces.
You spent 55 gold pieces at shops.

Inventory:

Hand Weapons
 a - a +0 flail
 q - a +2 mace of holy wrath (weapon)
Armour
 b - a +0 scale mail
 c - a +0 kite shield (worn)
 j - a +0 chain mail (worn)
 p - a +0 cloak (worn)
Wands
 y - a wand of acid (8)
Scrolls
 g - 2 scrolls of blinking
 h - 3 scrolls of enchant weapon
 k - 2 scrolls of fog
 l - 2 scrolls of random uselessness {unknown}
 n - 4 scrolls of remove curse
 o - 6 scrolls of teleportation
 r - a scroll of noise {unknown}
 s - a scroll of amnesia {unknown}
 u - 2 scrolls of magic mapping {unknown}
 v - a scroll of fear
 w - a scroll of immolation
 x - 2 scrolls of identify
Potions
 d - a potion of might
 e - a potion of degeneration {unknown}
 i - 4 potions of flight
 m - 3 potions of heal wounds
 z - a potion of haste {unknown}
 A - a potion of brilliance
 B - a potion of curing
 C - a potion of berserk rage {unknown}
Comestibles
 f - 7 rations


   Skills:
 - Level 3.2 Fighting
 + Level 11.0 Maces & Flails
 - Level 3.2 Armour
 - Level 3.2 Shields


You had 7 spell levels left.
You didn't know any spells.
Your spell library was empty.

Dungeon Overview and Level Annotations

Branches:
Dungeon (7/15)              Sewer (visited)
 Temple: D:4-7

Altars:
Makhleb
Okawaru
Qazlal
Ru
Sif Muna
Uskayaw
Xom
Yredelemnul

Shops:
D:5 !


Innate Abilities, Weirdness & Mutations

You are resistant to torment.
Your stone body is resilient. (AC +5)
You are immune to poison.
You resist negative energy. (rN+)
You are resistant to electric shocks. (rElec)
You can survive without breathing.
You are immune to petrification.
You are immune to rotting.


Message History

i - 4 potions of flight (gained 1)
An orc warrior comes into view.
It is wielding a -2 halberd and carrying a wand of disintegration (17).
The orc warrior shouts!
You hear a shout!
You hear an angry hiss.
You hear a bark!
The orc warrior zaps a wand.
You struggle to resist.
An orc wizard comes into view. It is wielding a +0 dagger.
The orc warrior hits you from afar with a cursed -2 halberd.
An adder comes into view.
The orc warrior hits you but does no damage.
A hound comes into view.
You closely miss the orc warrior.
The orc warrior zaps a wand.
You are blasted!
You hit the orc warrior but do no damage.
An orc comes into view. It is wielding a +0 hand axe.
You block the orc warrior's attack.
The orc shouts!
You hit the orc warrior.
The orc warrior is lightly wounded.
The orc warrior zaps a wand.
You are blasted!
Ouch! That really hurt!
You die...

#..# #. .
#####..##### .
#.
#..........#
#. ##
#.###..###.#.#
#........#
##.#.#..##
#.#.# # #...#
##.@#
........o.h#
####.#####o#
... .. ### ...
##


You could see an orc warrior, a hound and an orc.

Vanquished Creatures
  Grinder (D:6)
  Sigmund (D:2)
  Purgy (Sewer)
  A sky beast (D:5)
  2 ogres
  3 centaurs
  A bullfrog (D:6)
  2 howler monkeys (D:5)
  5 hounds
  A jelly (D:6)
  An orc wizard (D:5)
  Crazy Yiuf (D:2)
  2 orc priests (D:5)
  2 iguanas
  A worker ant (D:4)
  A howler monkey skeleton (D:4)
  3 adders
  2 oozes (D:3)
  2 worms
  4 dart slugs (D:1)
  6 leopard geckos
  6 orcs
  7 ball pythons
  5 giant cockroaches
  10 goblins
  A hobgoblin (D:3)
  10 jackals
  A quokka (D:2)
  7 bats
  9 frilled lizards
  9 kobolds
  A leopard gecko skeleton (D:4)
  A quokka skeleton (D:6)
  12 rats
122 creatures vanquished.

Notes
Turn   | Place    | Note
-------+----------+-------------------------------------------
     0 | D:1      | Delamore the Gargoyle Fighter began the quest for the Orb.
     0 | D:1      | Reached XP level 1. HP: 14/14 MP: 1/1
    80 | D:1      | Reached XP level 2. HP: 12/19 MP: 2/2
   342 | D:1      | Reached skill level 3 in Maces & Flails
   550 | D:1      | Reached XP level 3. HP: 23/23 MP: 3/3
   979 | D:2      | Reached skill level 4 in Maces & Flails
  1062 | D:2      | Noticed Sigmund
  1733 | D:3      | Reached XP level 4. HP: 26/28 MP: 4/4
  1850 | D:3      | Found a shimmering altar of Xom.
  2038 | D:3      | Found a faded altar of an unknown god.
  2170 | D:3      | Found a shimmering blue altar of Sif Muna.
  2274 | D:3      | Found an iron altar of Okawaru.
  2287 | D:3      | Became a worshipper of Warmaster Okawaru
  2334 | D:3      | Reached skill level 5 in Maces & Flails
  2334 | D:3      | Reached XP level 5. HP: 31/32 MP: 5/5
  2658 | D:2      | Found a runed translucent door.
  2659 | D:2      | Noticed Crazy Yiuf
  2837 | D:2      | Paralysed by Crazy Yiuf for 7 turns
  2846 | D:2      | Killed Crazy Yiuf
  3320 | D:2      | Killed Sigmund
  3320 | D:2      | Reached skill level 6 in Maces & Flails
  3320 | D:2      | Reached XP level 6. HP: 25/37 MP: 6/6
  3592 | D:4      | Found a basalt altar of Yredelemnul.
  3656 | D:4      | Reached skill level 7 in Maces & Flails
  3716 | D:4      | Found a glowing drain.
  3742 | Sewer    | Entered a sewer
  3847 | Sewer    | Noticed Purgy
  3878 | Sewer    | Killed Purgy
  3878 | Sewer    | Reached * piety under Okawaru
  3878 | Sewer    | Reached XP level 7. HP: 21/41 MP: 7/7
  4714 | D:5      | Entered Level 5 of the Dungeon
  4723 | D:5      | Reached skill level 8 in Maces & Flails
  4821 | D:5      | Reached skill level 9 in Maces & Flails
  4821 | D:5      | Reached XP level 8. HP: 29/46 MP: 8/8
  5149 | D:5      | Found Eroowupn's Distillery.
  5156 | D:5      | Bought a potion of heal wounds for 55 gold pieces
  5383 | D:5      | Reached ** piety under Okawaru
  5530 | D:5      | Found a burning altar of Makhleb.
  6041 | D:6      | Reached skill level 10 in Maces & Flails
  6158 | D:6      | Noticed Grinder
  6170 | D:6      | Killed Grinder
  6213 | D:6      | Found a stormy altar of Qazlal.
  6213 | D:6      | Found a hide-covered altar of Uskayaw.
  6592 | D:6      | Reached skill level 11 in Maces & Flails
  7104 | D:7      | Found a sacrificial altar of Ru.
  7131 | D:7      | Blown up by an orc warrior

Illustrated notes

Levels and vault maps discovered:
D:1:      dpeg_arrival_rhombus, layout_basic, minmay_tetromino_t4
D:2:      layout_basic, uniq_crazy_yiuf_cottage, uniq_sigmund
D:3:      layout_rooms, marbit_many_paths, okawaru_metal_pillars_1_2,
          led_sif_book, first_ration, chequers_ecumenical_altar_lobes
D:4:      layout_basic, lemuel_round_altar, portal_sewer_entry_b
D:5:      layout_rooms, serial_shops, shop_statue, basic_altar
D:6:      layout_layer_cave, gammafunk_temple_overflow_statue,
          corexii_checkpoint_a, uniq_grinder
D:7:      layout_loops_ring, minmay_temple_entry_overgrown, basic_altar,
          serial_shops, shop, the_bakery

Skill      XL: |  1  2  3  4  5  6  7  8 |
---------------+-------------------------+-----
Maces & Flails | 3 4 5 6 7 9 11 | 11.0
Fighting       | |  3.2
Armour         | |  3.2
Shields        | |  3.2

Action                   |  1- 3 |  4- 6 |  7- 9 || total
-------------------------+-------+-------+-------++-------
Melee: Flail             |   137 |    59 |       ||   196
       Mace              |       |    94 |   188 ||   282
  Use: Scroll            |       |     5 |     2 ||     7
       Potion            |       |       |     6 ||     6
  Eat: Chunk             |     1 |     5 |     7 ||    13
       Ration            |       |     1 |     1 ||     2
Armor: Scale mail        |     7 |       |       ||     7
       Chain mail        |    83 |   147 |   103 ||   333
Dodge: Dodged            |    33 |    53 |    34 ||   120
Block: Kite shield       |    63 |    91 |   110 ||   264
